 Dungeon Crawl Stone Soup version 0.16.0-17-g811c1d7 (webtiles) character file.

287 Chiseanne the Magician (level 6, -3/43 HPs)
             Began as a Demonspawn Wanderer on Mar 20, 2015.
             Was an Initiate of Gozag.
             Killed from afar by MixedWithMadness' ghost (16 damage)
             ... with an orb of energy
             ... on level 4 of the Dungeon.
             The game lasted 00:13:42 (3482 turns).

Chiseanne the Magician (Demonspawn Wanderer)        Turns: 3482, Time: 00:13:42

Health: -3/43      AC: 14    Str: 10    XL:     6   Next: 8%
Magic:  17/17      EV:  9    Int: 14    God:    Gozag
Gold:   284        SH:  5    Dex: 23    Spells: 3 memorised, 9 levels left

rFire  + . .     SeeInvis +     a - +0 rapier
rCold  . . .     Clarity  .     e - +3 ring mail of Xiasucucw {rPois rF+ Str-5 Dex+2}
rNeg   . . .     SustAb   .     i - +0 buckler
rPois  +         Gourm    .     (helmet restricted)
rElec  .         Spirit   .     p - +1 cloak
rCorr  .         Warding  .     j - +1 pair of gloves
rMut   .         Rnd*Tele +     (no boots)
MR     .....                    (no amulet)
Stlth  ++........               l - +6 ring of dexterity
                                k - ring of poison resistance

@: very slightly contaminated, not resistant to hostile enchantments, unstealthy
A: antennae 1, beak, claws 1, yellow scales 1, see invisible, agile 2, powered
by death 1, teleportitis 1
a: Potion Petition, Call Merchant, Bribe Branch, Renounce Religion


You were on level 4 of the Dungeon.
You worshipped Gozag.
Gozag was noncommittal.
You were not hungry.

You visited 1 branch of the dungeon, and saw 5 of its levels.

You collected 381 gold pieces.
You paid 97 gold pieces to Gozag.

Inventory:

Hand weapons
 a - a +0 rapier (weapon)
Missiles
 m - 52 stones (quivered)
 n - a throwing net
Armour
 e - the +3 ring mail of Xiasucucw (worn) {rPois rF+ Str-5 Dex+2}
   (You found it on level 5 of the Dungeon)

   It affects your strength (-5).
   It affects your dexterity (+2).
   It protects you from fire.
   It protects you from poison.
 i - a +0 buckler (worn)
 j - a +1 pair of gloves (worn)
 p - a +1 cloak (worn)
Jewellery
 k - a ring of poison resistance (left hand)
 l - a +6 ring of dexterity (right hand)
Scrolls
 g - 3 scrolls of identify
 q - a scroll of amnesia {unknown}
Potions
 b - 4 potions of curing
 c - a potion of heal wounds
 d - 2 potions of ambrosia
 u - a potion of brilliance
Books
 o - a book of Geomancy

   Spells                             Type                      Level
   a - Sandblast                      Earth                        1
   b - Stoneskin                      Transmutation/Earth          2
   c - Passwall                       Transmutation/Earth          3
   d - Stone Arrow                    Conjuration/Earth            3
   e - Petrify                        Transmutation/Earth          4
   f - Lee's Rapid Deconstruction     Earth                        5
Comestibles
 f - a bread ration
 r - 2 meat rations


   Skills:
 * Level 1.1 Fighting
   Level 1.0 Crossbows
 - Level 1.0 Throwing
 * Level 2.2 Armour
 - Level 1.0 Stealth
 * Level 0.6 Shields
 * Level 5.3 Spellcasting
 * Level 3.1 Earth Magic


You had 9 spell levels left.
You knew the following spells:

 Your Spells              Type           Power        Failure   Level  Hunger
a - Sandblast             Erth           ##....       21%         1    None
b - Stoneskin             Trmt/Erth      #.......     63%         2    ##.....
c - Passwall              Trmt/Erth      #.........   93%         3    ###....


Dungeon Overview and Level Annotations

Branches:
Dungeon (5/15)             Temple (0/1) D:5

Altars:
Ashenzari
Cheibriados
Gozag
Makhleb
Nemelex Xobeh
Vehumet
Yredelemnul
Zin
The Shining One

Annotations:
D:4 MixedWithMadness' ghost, average DECj


Innate Abilities, Weirdness & Mutations

You have a pair of small antennae on your head.
You are partially covered in yellow scales (AC +2).
You can steal the life force of nearby defeated enemies.
You have a beak for a mouth.
You have sharp fingernails.
You have supernaturally acute eyesight.
You are very agile. (Dex +4)
Space occasionally distorts in your vicinity.


Message History

You feel extremely strange.
You no longer feel heat resistant.
You feel a little pissed off.
You feel a little more calm.
The kobold shouts!
The kobold throws a stone.
You block the stone.
The kobold throws a stone.
The stone barely misses you.
You see here a stone.
The kobold throws a stone.
The stone hits you but does no damage.
A worker ant comes into view.
MixedWithMadness' ghost gestures at you while chanting.
The magic dart hits you!
MixedWithMadness' ghost points at you and mumbles some strange words.
The orb of energy hits you!
Ouch! That really hurt!
There is a stone staircase leading down here.
The kobold throws a stone.
The stone hits you but does no damage.
MixedWithMadness' ghost casts a spell at you.
The orb of energy hits you!
You die...
Your body crumbles into a pile of gold.

.........##.####.#.#
.............###.#...
.......W.#......(###..#
##.....###.####..K##..#
#..W..# #.# ##W...K.#
#####.# #. #.##...# #..
#. #.# ...a. ##.# .
#.#.###.. . #@..# #..##
..... #..#### #..# #..#
$ #### $


You could see MixedWithMadness' ghost and a kobold.

Vanquished Creatures
  Blork the orc (D:4)
  A hound (D:3)
  A centaur skeleton (D:4)
  Jessica (D:2)
  4 adders
  3 worms
  An adder skeleton (D:4)
  4 giant geckos
  7 orcs
  A ball python (D:2)
  5 bats
  6 giant cockroaches
  13 hobgoblins
  2 jackals (D:3)
  6 kobolds
  3 quokkas
  6 giant newts
  12 goblins
  7 rats
84 creatures vanquished.

Notes
Turn   | Place    | Note
--------------------------------------------------------------
     0 | D:1      | Chiseanne, the Demonspawn Wanderer, began the quest for the Orb.
     0 | D:1      | Chiseanne set off with: a book of Geomancy, a potion of curing, a +0 robe, a +0 club, a bread ration
     0 | D:1      | Reached XP level 1. HP: 13/13 MP: 4/4
     2 | D:1      | Learned a level 1 spell: Sandblast
   393 | D:1      | Gained mutation: You can steal the life force of nearby defeated enemies. [demonic ancestry]
   393 | D:1      | Reached XP level 2. HP: 13/19 MP: 6/6
   994 | D:2      | Learned a level 2 spell: Stoneskin
  1007 | D:2      | Reached skill level 4 in Spellcasting
  1007 | D:2      | Reached XP level 3. HP: 22/24 MP: 3/9
  1165 | D:2      | Noticed Jessica
  1182 | D:2      | Killed Jessica
  1478 | D:2      | Gained mutation: You have a pair of small antennae on your head. [demonic ancestry]
  1478 | D:2      | Reached XP level 4. HP: 28/30 MP: 8/11
  1660 | D:2      | Learned a level 3 spell: Passwall
  2139 | D:3      | Found a radiant altar of Vehumet.
  2145 | D:3      | Found a glowing silver altar of Zin.
  2146 | D:3      | Found a shattered altar of Ashenzari.
  2146 | D:3      | Found a burning altar of Makhleb.
  2146 | D:3      | Found an opulent altar of Gozag.
  2157 | D:3      | Found a glowing golden altar of the Shining One.
  2158 | D:3      | Found a basalt altar of Yredelemnul.
  2178 | D:3      | Became a worshipper of Gozag Ym Sagoz the Greedy
  2357 | D:3      | Gained mutation: You have sharp fingernails. [potion of mutation]
  2357 | D:3      | Gained mutation: Space occasionally distorts in your vicinity. [potion of mutation]
  2357 | D:3      | Gained mutation: You are agile. (Dex +2) [potion of mutation]
  2358 | D:3      | Gained mutation: Your mind is acute. (Int +2) [potion of mutation]
  2358 | D:3      | Lost mutation: Your mind is acute. (Int +2) [potion of mutation]
  2358 | D:3      | Gained mutation: Your flesh is heat resistant. [potion of mutation]
  2468 | D:3      | Found a snail-covered altar of Cheibriados.
  2470 | D:3      | Found a sparkling altar of Nemelex Xobeh.
  2585 | D:3      | Reached skill level 5 in Spellcasting
  2585 | D:3      | Gained mutation: You are partially covered in yellow scales (AC +2). [demonic ancestry]
  2585 | D:3      | Reached XP level 5. HP: 33/36 MP: 11/15
  3158 | D:4      | Noticed MixedWithMadness' ghost (average DECj)
  3168 | D:5      | Entered Level 5 of the Dungeon
  3244 | D:5      | Found a staircase to the Ecumenical Temple.
  3253 | D:5      | Got a faintly glowing ring mail
  3254 | D:5      | Identified the +3 ring mail of Xiasucucw {rPois rF+ Str-5 Dex+2} (You found it on level 5 of the Dungeon)
  3362 | D:4      | Noticed Blork the orc
  3404 | D:4      | Killed Blork the orc
  3404 | D:4      | Reached skill level 1 in Fighting
  3404 | D:4      | Reached XP level 6. HP: 29/43 MP: 12/17
  3473 | D:4      | Gained mutation: You have a beak for a mouth. [potion of mutation]
  3473 | D:4      | Gained mutation: You are very agile. (Dex +4) [potion of mutation]
  3473 | D:4      | Gained mutation: You have supernaturally acute eyesight. [potion of mutation]
  3474 | D:4      | Lost mutation: Your flesh is heat resistant. [potion of mutation]
  3474 | D:4      | Gained mutation: You tend to lose your temper in combat. [potion of mutation]
  3474 | D:4      | Lost mutation: You tend to lose your temper in combat. [potion of mutation]
  3482 | D:4      | Killed from afar by MixedWithMadness' ghost

Action                   |  1- 3 |  4- 6 || total
-------------------------+-------+-------++-------
Melee: Mace              |    71 |   105 ||   176
       Rapier            |       |    73 ||    73
 Cast: Sandblast         |     8 |       ||     8
       Stoneskin         |     8 |    28 ||    36
  Use: Scroll            |       |    14 ||    14
       Potion            |       |     5 ||     5
 Stab: Sleeping          |     2 |     2 ||     4
       Invisible         |       |     2 ||     2
  Eat: Chunk             |     2 |     3 ||     5
       Bread ration      |       |     2 ||     2
